 Dungeon Crawl Stone Soup version 0.18.1-48-g4cf74bf (webtiles) character file.

21 Elriks the Grave Robber (level 2, 0/15 HPs)
             Began as a Deep Elf Necromancer on Aug 11, 2016.
             Succumbed to an adder's poison
             ... on level 2 of the Dungeon.
             The game lasted 00:14:54 (1967 turns).

Elriks the Grave Robber (Deep Elf Necromancer)      Turns: 1967, Time: 00:14:55

Health: 0/15       AC:  8    Str:  5    XL:     2   Next: 62%
Magic:  6/8        EV:  0    Int: 19    God:
Gold:   89         SH:  0    Dex: 15    Spells: 2 memorised, 5 levels left

rFire  . . .     SeeInvis .     w - +0 short sword
rCold  . . .     Gourm    .     y - +0 chain mail
rNeg   . . .     Faith    .     (no shield)
rPois  .         Spirit   .     (no helmet)
rElec  .         Dismiss  .     (no cloak)
rCorr  .         Reflect  .     (no gloves)
SustAt .         Harm     .     (no boots)
MR     .....                    (no amulet)
Stlth  ..........               (no ring)
                                (no ring)

@: lethally poisoned (0 -> -7), very slightly contaminated, not resistant to
hostile enchantments, extremely unstealthy
A: no striking features
a: no special abilities


You were on level 2 of the Dungeon.
You were not hungry.

You visited 1 branch of the dungeon, and saw 2 of its levels.

You collected 89 gold pieces.

Inventory:

Hand Weapons
 g - a +0 club
 h - a +0 dagger
 i - a +0 club
 o - a +0 club
 p - a +0 club
 s - a +0 hunting sling
 w - a +0 short sword (weapon)
 x - a +0 dagger
Missiles
 e - 20 poisoned needles
 q - 22 arrows
 r - 16 stones (quivered)
 v - 5 tomahawks
Armour
 a - a +0 robe
 f - a +0 ring mail
 j - a +0 ring mail
 t - a +0 ring mail
 y - a +0 chain mail (worn)
Scrolls
 d - 2 scrolls of remove curse {unknown}
 l - a scroll of fear {unknown}
 n - a scroll of random uselessness {unknown}
Potions
 k - a potion of flight {unknown}
 m - a potion of agility {unknown}
Books
 b - a book of Necromancy

   Spells                             Type                      Level
   a - Pain                           Necromancy                   1
   b - Animate Skeleton               Necromancy                   1
   c - Vampiric Draining              Necromancy                   3
   d - Regeneration                   Charms/Necromancy            3
   e - Animate Dead                   Necromancy                   4
   f - Control Undead                 Necromancy                   4
Comestibles
 c - 3 bread rations
 u - 2 meat rations


   Skills:
 + Level 0.1 Slings
 + Level 2.4 Dodging
 + Level 2.9 Stealth
 + Level 3.2 Spellcasting
 + Level 5.3 Necromancy


You had 5 spell levels left.
You knew the following spells:

 Your Spells              Type           Power        Failure   Level  Hunger
a - Pain                  Necr           ###.         100%        1    None
b - Animate Skeleton      Necr           N/A          100%        1    None


Dungeon Overview and Level Annotations

Branches:
Dungeon (2/15)

Altars:


Message History

You hit the adder.
The adder is severely wounded.
The adder bites you but does no damage. The adder bites you.
You are lethally poisoned!
The adder poisons you!
You miss the adder.
The adder is severely wounded.
You feel sick. The adder bites you.
* * * LOW HITPOINT WARNING * * *
You miss the adder.
The adder is severely wounded.
The adder bites you but does no damage. x2
Your chain mail prevents you from hitting the adder.
The adder is severely wounded.
* * * LOW HITPOINT WARNING * * *
You feel sick. The adder bites you.
* * * LOW HITPOINT WARNING * * *
Your chain mail prevents you from hitting the adder.
The adder is severely wounded.
You die...

#.##............#
#.######...###### #.#
##.## #.# #.# # #.# #.#
.# #.#######.## ##.#
#..........# ... .##
#########.########.#....#
#......@S>.......
#................
#########........
#.##.%..# #.# .#.## ... #
# #.# #..


You could see an adder.

Vanquished Creatures
  A worm (D:2)
  A dart slug (D:1)
  4 goblins
  2 hobgoblins (D:1)
  2 bats (D:1)
  2 giant newts
  2 kobolds (D:1)
  2 rats
16 creatures vanquished.

Notes
Turn   | Place    | Note
--------------------------------------------------------------
     0 | D:1      | Elriks the Deep Elf Necromancer began the quest for the Orb.
     0 | D:1      | Reached XP level 1. HP: 10/10 MP: 6/6
   209 | D:1      | Reached skill level 5 in Necromancy
   435 | D:1      | Reached XP level 2. HP: 10/15 MP: 4/8
  1059 | D:1      | Learned a level 1 spell: Animate Skeleton
  1967 | D:2      | Succumbed to an adder's poison

Skill      XL: |  1 |
---------------+----+-----
Necromancy     | 5 |  5.3
Slings         | |  0.1
Dodging        | |  2.4
Stealth        | |  2.9
Spellcasting   | |  3.2

Action                   || total
-------------------------++-------
Melee: Dagger            ||     4
       Short sword       ||     8
 Fire: Hunting sling     ||     4
Throw: Tomahawk          ||    13
 Cast: Pain              ||    40
       Animate Skeleton  ||     3
 Stab: Sleeping          ||     1
  Eat: Bread ration      ||     1
Armor: Chain mail        ||     9
Dodge: Dodged            ||     8
